 Dungeon Crawl Stone Soup version 0.17.1-3-g152610e (webtiles) character file.

539 angrylion the Shield-Bearer (level 7, -6/60 HPs)
             Began as a Minotaur Fighter on Apr 29, 2016.
             Shot with an arrow by a centaur (11 damage)
             ... on level 5 of the Dungeon.
             The game lasted 00:24:22 (3189 turns).

angrylion the Shield-Bearer (Minotaur Fighter)      Turns: 3189, Time: 00:24:22

Health: -6/60      AC:  8    Str: 22    XL:     7   Next: 5%
Magic:  6/6        EV:  9    Int:  5    God:
Gold:   134        SH:  0    Dex: 10    Spells: 0 memorised, 6 levels left

rFire  . . .     SeeInvis .     v - +1 mace (holy)
rCold  . . .     Clarity  .     b - +0 scale mail
rNeg   . . .     SustAt   .     c - +0 shield
rPois  .         Gourm    .     (helmet restricted)
rElec  .         Spirit   .     x - +0 cloak
rCorr  .         Warding  .     (no gloves)
rMut   .         Stasis   .     (no boots)
MR     .....                    (no amulet)
Stlth  ..........               (no ring)
                                (no ring)

@: confused, not resistant to hostile enchantments, extremely unstealthy
A: retaliatory headbutt, horns 2
a: no special abilities


You were on level 5 of the Dungeon.
You were not hungry.

You visited 1 branch of the dungeon, and saw 5 of its levels.

You collected 134 gold pieces.

Inventory:

Hand Weapons
 j - a +0 morningstar
 v - a +1 mace of holy wrath (weapon)
Missiles
 i - a tomahawk (quivered)
 o - 83 stones
 r - 2 throwing nets
Armour
 b - a +0 scale mail (worn)
 c - a +0 shield (worn)
 x - a +0 cloak (worn)
Wands
 a - a wand of frost (28)
Scrolls
 g - 3 scrolls of blinking
 k - a scroll of teleportation {unknown}
 l - a scroll of immolation {unknown}
 q - 2 scrolls of remove curse
 w - a scroll of noise {unknown}
Potions
 d - 3 potions of might
 m - a potion of haste
 n - a potion of poison
Books
 f - a book of the Dragon

   Spells                             Type                      Level
   a - Flame Tongue                   Conjuration/Fire             1
   b - Cause Fear                     Hexes                        4
   c - Bolt of Fire                   Conjuration/Fire             6
   d - Dragon Form                    Transmutation                7
   e - Dragon's Call                  Summoning                    9
Comestibles
 e - 2 bread rations
 h - a meat ration
 p - 2 slices of pizza
 s - 2 fruits
 u - a beef jerky


   Skills:
 + Level 4.8 Fighting
 + Level 4.1 Maces & Flails
 + Level 1.7 Throwing
 + Level 4.8 Armour
 + Level 2.5 Dodging
 + Level 0.1 Stealth
 * Level 6.6 Shields


You had 6 spell levels left.
You didn't know any spells.

Dungeon Overview and Level Annotations

Branches:
Dungeon (5/15)             Temple (0/1) D:5

Altars:
Ashenzari
Nemelex Xobeh
Sif Muna

Annotations:
D:4 Sigmund


Innate Abilities, Weirdness & Mutations

You reflexively headbutt those who attack you in melee.
You have a pair of horns on your head.


Message History

* * * LOW HITPOINT WARNING * * *
The centaur shoots an arrow.
You block the arrow.
You see here an arrow.
Drink which item? (? for menu, Esc to quit)
It was a potion of ambrosia.
You are confused.
You feel invigorated.
The centaur shoots an arrow.
The arrow hits you.
* * * LOW HITPOINT WARNING * * *
You're too confused!
Drink which item? (? for menu, Esc to quit)
Okay, then.
Evoke which item? (* to show all) (? for menu, Esc to quit)
Zapping:
a - a wand of frost {zapped: 1} (will waste charges)
Press: ? - help, Shift-Dir - straight line, f - centaur, p - orc wizard
Aim: a centaur, wielding a shortbow (moderately wounded) Evoking this partially-identified wand wasted a few charges.
The centaur shoots an arrow.
The arrow hits you!
* * * LOW HITPOINT WARNING * * *
The centaur shoots an arrow.
The arrow hits you!
You die...

#.# ## #.# #.#
##### #.#
#...######.# #
#....[.....# .###.#
#...#########......
##.## #...o...# #.#
#@# #.# #(# #.# #.#
####
#.########.#...c#
#.........oc.#
##########.### #.#
... #.#.


You could see a centaur, an orc priest and an orc wizard.

Vanquished Creatures
  A phantom (D:5)
  An ogre (D:4)
  An ice beast (D:5)
  A sky beast (D:5)
  A crimson imp (D:5)
  Crazy Yiuf (D:3)
  An orc wizard (D:3)
  An adder (D:2)
  3 oozes
  A worm (D:3)
  3 giant geckos
  14 orcs
  5 bats
  6 giant cockroaches (D:1)
  4 goblins
  8 hobgoblins
  6 jackals
  2 giant newts
  5 kobolds
  A quokka skeleton (D:5)
  7 rats
73 creatures vanquished.

Notes
Turn   | Place    | Note
--------------------------------------------------------------
     0 | D:1      | angrylion the Minotaur Fighter began the quest for the Orb.
     0 | D:1      | Reached XP level 1. HP: 19/19 MP: 0/0
    72 | D:1      | Reached XP level 2. HP: 27/27 MP: 1/1
   117 | D:1      | Reached skill level 4 in Shields
   458 | D:1      | Reached XP level 3. HP: 31/33 MP: 2/2
  1871 | D:3      | Found a deep blue altar of Sif Muna.
  1879 | D:3      | Reached XP level 4. HP: 38/40 MP: 3/3
  1978 | D:3      | Found a faded altar to an unknown god.
  2137 | D:3      | Found a shattered altar of Ashenzari.
  2152 | D:3      | Reached skill level 1 in Dodging
  2163 | D:3      | Reached skill level 5 in Shields
  2180 | D:3      | Found a sparkling altar of Nemelex Xobeh.
  2264 | D:3      | Noticed Crazy Yiuf
  2270 | D:3      | Killed Crazy Yiuf
  2270 | D:3      | Reached XP level 5. HP: 42/47 MP: 4/4
  2471 | D:4      | Noticed Sigmund
  2553 | D:5      | Entered Level 5 of the Dungeon
  2570 | D:5      | Noticed an ogre
  2604 | D:4      | Killed an ogre
  2620 | D:5      | Reached XP level 6. HP: 40/53 MP: 5/5
  2697 | D:5      | Noticed a sky beast
  2699 | D:5      | Noticed an ogre
  2740 | D:5      | Killed a sky beast
  2740 | D:5      | Reached skill level 1 in Throwing
  2740 | D:5      | Reached skill level 6 in Shields
  3098 | D:5      | Found a staircase to the Ecumenical Temple.
  3098 | D:5      | Noticed an ice beast
  3113 | D:5      | Killed an ice beast
  3115 | D:5      | Noticed a phantom
  3131 | D:5      | Killed a phantom
  3131 | D:5      | Reached XP level 7. HP: 25/60 MP: 6/6
  3180 | D:5      | Noticed a centaur
  3189 | D:5      | Shot with an arrow by a centaur

Action                   |  1- 3 |  4- 6 |  7- 9 || total
-------------------------+-------+-------+-------++-------
Melee: Flail             |    99 |       |       ||    99
       Morningstar       |       |    28 |       ||    28
       Mace              |       |    71 |       ||    71
Throw: Tomahawk          |     2 |    26 |     5 ||    33
       Stone             |       |     6 |       ||     6
       Throwing net      |       |     2 |       ||     2
Evoke: Wand              |       |       |     1 ||     1
  Use: Scroll            |     4 |       |       ||     4
       Potion            |       |     8 |     1 ||     9
  Eat: Chunk             |     3 |     4 |       ||     7
